 Dungeon Crawl Stone Soup version 0.30-a0-953-g5f1da4a474 (webtiles) character file.

Game seed: 3473512244768918326

38 Firecrotchwizard the Chopper (level 3, -1/32 (33) HPs)
             Began as a Hill Orc Monk on Mar 29, 2023.
             Slain by a hobgoblin (5 damage)
             ... led by Robin
             ... on level 3 of the Dungeon.
             The game lasted 00:01:29 (606 turns).

Firecrotchwizard the Chopper (Hill Orc Monk)         Turns: 606, Time: 00:01:30

HP:   -1/32 (33)    AC:  6    Str: 15    XL:     3   Next: 43%
MP:   3/3           EV: 10    Int: 10    God:
Gold: 59            SH:  0    Dex: 13    Spells: 2/2 levels left

rFire   . . .      SeeInvis .    a - +0 hand axe
rCold   . . .      Faith    .    (no shield)
rNeg    . . .      Spirit   .    h - +0 scale mail
rPois   .          Reflect  .    (no helmet)
rElec   .          Rampage  .    (no cloak)
rCorr   .                        (no gloves)
Will    .....                    (no boots) Stlth
                                 (no amulet)
HPRegen 0.25/turn                (no ring)
MPRegen 0.08/turn                (no ring)

@: lightly drained
A: no striking features
a: no special abilities


You were on level 3 of the Dungeon.
You visited 1 branch of the dungeon, and saw 3 of its levels.

You collected 59 gold pieces.

Inventory:

Hand Weapons
 a - a +0 hand axe (weapon)
Missiles
 s - 6 stones (quivered)
Armour
 b - a +0 robe
 g - a +0 leather armour
   (You found it on level 3 of the Dungeon)
 h - a +0 scale mail (worn)
   (You found it on level 3 of the Dungeon)
Scrolls
 c - 3 scrolls of identify {unknown}
 d - a scroll of teleportation {unknown}
 i - a scroll of enchant armour {unknown}
Potions
 e - a potion of mutation {unknown}
 f - a potion of flight {unknown}
 G - 2 potions of ambrosia {!q}


   Skills:
 + Level 4.0 Fighting
 * Level 4.8 Axes
 + Level 1.1 Armour
 + Level 2.7 Dodging
 - Level 1.5 Stealth


You had 2 spell levels left.
You didn't know any spells.
Your spell library was empty.

Dungeon Overview and Level Annotations

Branches:
Dungeon (3/15)

Altars:

Annotations:
D:2 Terence
D:3 Robin


Message History

A goblin comes into view. It is wielding a +0 dagger of draining.
A goblin comes into view. It is wielding a +0 dagger.
A hobgoblin comes into view.
The goblin shouts!
The hobgoblin shouts!
You hear a shout! x2
The goblin hits you but does no damage.
A goblin comes into view. It is wielding a +0 dagger.
The hobgoblin moves out of view.
You hit the goblin.
You kill the goblin!
A goblin comes into view. It is wielding a +0 dagger.
Robin throws the goblin at you! The goblin barely misses you.
The goblin hits you but does no damage. The goblin closely misses you.
The goblin moves out of view.
You take 1 damage, and have 32/33 hp.
You hit the goblin but do no damage. You closely miss the goblin.
The goblin closely misses you. The goblin barely misses you.
A goblin comes into view. It is wielding a +0 club.
You hit the goblin but do no damage. You closely miss the goblin.
The goblin barely misses you.
The goblin hits you with a +0 dagger of draining.
You feel drained.
You take 3 damage, and have 29/32 hp.
You slash the goblin!
You kill the goblin!
You hit the goblin.
Robin roars a battlecry!
The goblins go into a battle-frenzy!
The goblin hits you but does no damage.
You feel drained.
A goblin comes into view. It is wielding a +0 club.
Your Fighting skill increases to level 4!
The goblin shouts!
Robin throws the goblin at you! The goblin hits you with a +0 club.
Things that are here:
a +0 dagger; a goblin corpse You take 7 damage, and have 22/31 hp.
MASSIVE DAMAGE!!
You slash the goblin!
You kill the goblin!
You closely miss the goblin.
Robin roars a battlecry!
The goblin goes into a battle-frenzy!
The goblin hits you but does no damage.
You feel drained.
A hobgoblin comes into view.
The hobgoblin shouts!
You closely miss the goblin.
The goblin hits you with a +0 dagger of draining.
You feel drained.
You take 4 damage, and have 18/29 hp.
You hit the goblin.
You kill the goblin!
Robin throws the goblin at you!
An endoplasm comes into view.
The goblin hits you with a +0 dagger.
You take 2 damage, and have 16/29 hp.
You hit the hobgoblin. You hit the goblin. Robin throws the goblin at you!
The hobgoblin barely misses you. The goblin barely misses you.
The goblin hits you with a +0 dagger.
You take 5 damage, and have 11/29 hp.
You hit the hobgoblin. You hit the goblin. You closely miss the goblin.
The goblin closely misses you. The hobgoblin barely misses you.
The goblin hits you but does no damage.
A hobgoblin comes into view.
You hit the hobgoblin.
You kill the hobgoblin!
You hit the goblin.
You kill the goblin!
You closely miss the goblin. The goblin barely misses you.
Robin points. "Kill!"
You hit the hobgoblin. You hit the goblin.
You kill the goblin!
The hobgoblin misses you.
You barely miss the hobgoblin. You barely miss the goblin.
The hobgoblin closely misses you. The goblin hits you with a +0 club.
You take 2 damage, and have 10/30 hp.
You hit the hobgoblin.
You kill the hobgoblin!
You closely miss the goblin. The goblin hits you with a +0 club.
* * * LOW HITPOINT WARNING * * *
You take 5 damage, and have 5/30 hp.
You hit the hobgoblin but do no damage. You hit the goblin.
You kill the goblin!
The hobgoblin hits you.
* * * LOW HITPOINT WARNING * * *
You hit the hobgoblin.
You kill the hobgoblin!
The endoplasm barely misses you.
Unknown command.
You hit the endoplasm. The endoplasm freezes you.
You are frozen.
* * * LOW HITPOINT WARNING * * *
You take 2 damage, and have 3/31 hp.
You hit the endoplasm.
You kill the endoplasm!
You hit the hobgoblin. Your punch misses the hobgoblin.
The hobgoblin closely misses you.
You barely miss the hobgoblin. The hobgoblin hits you.
You die...

.............####.#...#
...........### #.##..######
...#.#.....# #.##........
...........# ####........
.....#..##.#########........
)....#.....#.........######.
..#....#########.#####
.###...........).).# )#
###.#########@#.# ## ...
#g#.# .... #g# # #. ..# ....
###.. .... ###. ..


You could see Robin and a hobgoblin (strong).

Vanquished Creatures
  A dart slug (D:1)
  A ball python (D:1)
  5 endoplasms
  9 goblins
  8 hobgoblins
  A kobold (D:3)
  A quokka (D:3)
  A bat (D:3)
  A frilled lizard (D:1)
  A rat (D:1)
29 creatures vanquished.

Notes
Turn   | Place    | Note
-------+----------+-------------------------------------------
     0 | D:1      | Firecrotchwizard the Hill Orc Monk began the quest for the
                  | Orb.
     0 | D:1      | Reached XP level 1. HP: 19/19 MP: 1/1
   270 | D:1      | Reached XP level 2. HP: 26/27 MP: 2/2
   435 | D:2      | Noticed Terence
   553 | D:3      | Reached skill level 1 in Armour
   561 | D:3      | Reached XP level 3. HP: 33/33 MP: 3/3
   584 | D:3      | Noticed Robin
   591 | D:3      | Reached skill level 4 in Fighting
   600 | D:3      | HP: 5/30 [goblin/+0 club[Robin] (5)]
   606 | D:3      | Slain by a hobgoblin

Illustrated notes

Levels and vault maps discovered:
D:1:      eino_arrival_druids_welcome, layout_loops_corners,
          palyth_stone_intersect, minmay_bisected
D:2:      layout_basic, hellmonk_ecumenical_altar_pennies_from_heaven,
          guppyfry_early_orc_mine, uniq_terence, uniq_natasha
D:3:      layout_basic, uniq_robin, uniq_jessica, uniq_ijyb, uniq_sigmund

Skill      XL: |  1  2  3 |
---------------+----------+-----
Armour         | 1 |  1.1
Fighting       | 4 |  4.0
Axes           | |  4.8
Dodging        | |  2.7
Stealth        | |  1.5

Action                     || total
---------------------------++-------
  Melee: Hand axe          ||    68
   Stab: Sleeping          ||     1
 Armour: Robe              ||    11
         Scale mail        ||     8
  Dodge: Dodged            ||    37

Table legend: (Time is in decaauts)
 A = Elapsed time spent in this place.
 B = Non-inter-level travel time spent in this place.
 C = Inter-level travel time spent in this place.
 D = Time resting spent in this place.
 E = Time spent auto-exploring this place.
 F = Levels seen in this place.
 G = Mean time per level.
                   A        B        C        D        E       F      G
               +--------+--------+--------+--------+--------+-----+--------+
         Total |    610 |    587 |     23 |      0 |    392 |   3 |  203.3 |
       Dungeon |    610 |    587 |     23 |      0 |    392 |   3 |  203.3 |
               +--------+--------+--------+--------+--------+-----+--------+

Top non-repeatable levels by time:
     D:1: 415 daAuts
     D:3: 130 daAuts
     D:2: 64 daAuts

Table legend:
 A = Kills in this place as a percentage of kills in the entire game.
 B = Kills by you in this place as a percentage of kills by you in the entire game.
 C = Kills by friends in this place as a percentage of kills by friends in the entire game.
 D = Other kills in this place as a percentage of other kills in the entire game.
 E = Experience gained in this place as a percentage of experience gained in the entire game.
 F = Experience gained in this place divided by the number of levels of this place that you have seen.
                   A       B       C       D       E      F
               +-------+-------+-------+-------+-------+----------------------
         Total | 100.0 | 100.0 |   N/A |   N/A | 100.0 |  18.3
       Dungeon | 100.0 | 100.0 |   N/A |   N/A | 100.0 |  18.3
               +-------+-------+-------+-------+-------+----------------------
